Map: King's Cove LE

Players

YohaEng - Winner!

  • Race: Terran Terran
  • Spawn Location: 5:00

VOD

Have the link to the VOD?

Description

Time

  • Played on: May 2, 2019, 1:24 a.m.
  • Length: 21:38
Show
View Real Time Build Order
Export as new Build Order

YohaEng Terran - Winner!

Build Orders:  

Get SALT Encoding   

  12  0:03  SCV  
  13  0:20  SCV  
  14  0:30  Supply Depot  
  14  0:37  SCV  
  15  1:01  Barracks  
  15  1:06  SCV  
  16  1:20  Refinery  
  16  1:23  SCV  
  17  1:40  SCV  
  18  1:57  SCV  
  19  2:14  Orbital Command  
  19  2:25  Command Center  
  19  2:37  Reaper  
  20  2:46  Supply Depot  
  20  2:52  SCV  
  21  3:09  SCV  
  22  3:19  Factory  
  22  3:36  SCV  
  23  3:44  Refinery  
  23  3:53  SCV  
  23  3:54  Supply Depot  
  24  4:07  Barracks Reactor  
  24  4:10  SCV x2  
  26  4:20  Bunker  
  26  4:29  Orbital Command  
  26  4:31  SCV  
  26  4:32  Widow Mine  
  27  4:43  Starport  
  27  4:48  SCV  
  30  5:02  Widow Mine  
  30  5:03  Supply Depot  
  30  5:04  SCV  
  31  5:12  SCV  
  34  5:21  SCV  
  34  5:29  SCV  
  36  5:37  Starport Tech Lab  
  36  5:38  SCV  
  37  5:45  Barracks  
  37  5:46  SCV  
  38  5:56  Barracks x2  
  38  6:04  SCV x2  
  40  6:14  Supply Depot  
  40  6:21  SCV x2  
  42  6:37  Marine x2  
  44  6:46  Engineering Bay  
  44  6:55  Fusion Core  
  44  6:56  Barracks Tech Lab  
  44  7:02  Marine x2  
  44  7:08  Supply Depot  
  46  7:13  SCV x2, Supply Depot  
  48  7:21  Barracks Reactor  
  48  7:22  Barracks Tech Lab  
  48  7:30  SCV x2  
  48  7:32  Terran Infantry Weapons Level 1  
  48  7:36  Factory Tech Lab  
  50  7:47  SCV x2  
  50  7:49  Starport  
  52  7:50  Unknown  
  52  7:52  Stimpack  
  51  8:21  SCV x2  
  51  8:25  Marine x3  
  51  8:26  Marine x2  
  59  8:30  Reaper  
  59  8:38  SCV x2  
  61  8:40  Refinery  
  61  8:46  Refinery  
  61  8:50  Marine x3  
  61  8:51  Supply Depot  
  61  8:55  SCV x2  
  61  8:56  Marine x2  
  68  9:10  Marine  
  68  9:15  Marine x2  
  71  9:32  SCV  
  71  9:33  SCV  
  72  9:48  Widow Mine  
  72  9:49  SCV, Starport Tech Lab  
  73  9:50  SCV  
  76  10:09  Command Center  
  76  10:11  Armory  
  76  10:18  Widow Mine  
  76  10:19  Armory  
  78  10:47  Widow Mine, Battlecruiser  
  84  10:57  Marine x5  
  84  10:58  Marine  
  92  11:18  Supply Depot  
  92  11:21  Marine  
  92  11:22  Marine  
  94  11:36  Terran Infantry Weapons Level 2  
  94  11:38  Widow Mine  
  94  11:40  Terran Ship Weapons Level 1  
  94  11:43  Terran Vehicle And Ship Armor Level 1  
  94  11:46  Drilling Claws  
  94  11:48  SCV, Marine x5  
  94  11:49  SCV, Marine  
  104  12:05  SCV, Supply Depot  
  104  12:06  SCV  
  104  12:08  Widow Mine  
  104  12:09  Planetary Fortress  
  106  12:13  Supply Depot, Marine x5  
  106  12:14  Marine  
  106  12:15  Refinery  
  114  12:22  SCV  
  115  12:36  Starport  
  115  12:38  Marine x3  
  115  12:39  Marine  
  119  12:46  SCV x2  
  119  12:48  Supply Depot  
  119  12:49  Marine  
  122  12:50  Marine  
  122  12:52  Battlecruiser  
  129  13:02  Refinery  
  129  13:03  SCV, Marine x3  
  133  13:16  Supply Depot  
  133  13:18  SCV, Marine x3  
  137  13:20  SCV, Supply Depot  
  137  13:22  Supply Depot x2  
  137  13:28  Marine x3  
  141  13:39  Supply Depot  
  141  13:42  SCV  
  141  13:46  SCV, Marine x2  
  144  13:59  SCV x2  
  146  14:03  SCV  
  147  14:11  Battlecruiser  
  147  14:12  Supply Depot  
  147  14:16  SCV x2  
  147  14:19  Starport Tech Lab  
  155  14:22  Battlecruiser  
  155  14:27  Starport  
  161  14:33  Terran Vehicle And Ship Armor Level 2  
  161  14:35  Terran Ship Weapons Level 2  
  161  15:02  Marine x2  
  161  15:03  Marine x4  
  167  15:11  Command Center  
  167  15:27  Marine x2  
  167  15:28  Battlecruiser, Marine x4  
  179  15:32  Starport Tech Lab  
  179  15:35  Unknown  
  179  15:52  Supply Depot, Marine x3  
  179  15:53  Marine x3  
  179  15:54  Unknown  
  185  16:09  Command Center  
  185  16:17  Marine x3  
  185  16:18  Marine  
  189  16:22  Battlecruiser, Marine x2  
  189  16:25  Supply Depot  
  197  16:51  Marine x2  
  197  16:52  Marine  
  200  17:14  Planetary Fortress  
  200  17:20  Refinery  
  200  17:54  Unknown, Battlecruiser  
  184  18:00  Unknown  
  184  18:01  Marine x2  
  184  18:02  Marine x4  
  183  18:19  Battlecruiser  
  189  18:20  Battlecruiser  
  189  18:26  Marine x2  
  189  18:27  Marine x3  
  200  18:43  Orbital Command  
  200  18:58  SCV  
  200  18:59  SCV  
  193  19:02  Marine x5  
  193  19:03  Marine  
  193  19:05  Unknown  
  191  19:27  Marine x5  
  191  19:28  Marine  
  195  19:38  Unknown  
  195  19:45  Unknown  
  195  19:49  Unknown  
  193  19:51  Marine  
  193  19:52  Marine x5  
  193  19:54  Unknown  
  193  19:55  Refinery  
  195  20:00  Refinery  
  195  20:16  Marine  
  195  20:17  Marine x5  
  196  20:42  Marine x2  
  198  21:03  Refinery  
Tags
 
Add a new tag
Caveats
  • Supply blocks, unpowered buildings, or Contaminate may cause inaccurate times.
  • Supply counts are checked every 10 seconds.